 Dungeon Crawl Stone Soup version 0.30.1-11-g7821555f0a (webtiles) character file.

Game seed: 14956733981912978216

1667 PaiMei the Grave Robber (level 8, 0/59 (62) HPs)
             Began as a Demonspawn Necromancer on Jan 4, 2024.
             Slain by a wight
             ... wielding a +1 falchion
              (2 damage)
             ... on level 9 of the Dungeon.
             The game lasted 00:12:26 (7991 turns).

PaiMei the Grave Robber (Demonspawn Necromancer)    Turns: 7991, Time: 00:12:26

HP:   0/59 (62)     AC:  7    Str: 16    XL:     8   Next: 69%
MP:   16/16         EV: 14    Int: 18    God:
Gold: 104           SH:  0    Dex: 17    Spells: 9/17 levels left

rFire   . . .        I - +7 mace of the Ten Mice {vamp, Dex+4}
rCold   . . .        (no shield)
rNeg    . . .        a - +0 robe
rPois   +            F - +0 helmet
rElec   .            (no cloak)
rCorr   .            v - +0 pair of gloves
SInv    .            u - +0 pair of boots
Will    .....        (no amulet)
Stlth   ++           j - +6 ring of strength
HPRegen 0.29/turn    k - ring of poison resistance
MPRegen 0.30/turn

%: no passive effects
@: lightly drained
A: slimy green scales 1, magic regeneration, weakness stinger 2
a: no special abilities


You were on level 9 of the Dungeon.
You visited 1 branch of the dungeon, and saw 7 of its levels.
You also visited: Sewer.

You collected 272 gold pieces.
You spent 168 gold pieces at shops.

Inventory:

Hand Weapons
 I - the +7 mace of the Ten Mice (weapon) {vamp, Dex+4}
   (You bought it in a shop on level 3 of the Dungeon)

   Dex:       It affects your dexterity (+4).
Missiles
 i - 11 poisoned darts (quivered)
Armour
 a - a +0 robe (worn)
 d - the +0 leather armour "Zeett" {Str+3}
   (You found it on level 5 of the Dungeon)

   Str:       It affects your strength (+3).
 u - a +0 pair of boots (worn)
 v - a +0 pair of gloves (worn)
 F - a +0 helmet (worn)
Jewellery
 j - a +6 ring of strength (left hand)
 k - a ring of poison resistance (right hand)
 D - a ring of protection from cold
 L - the ring of the Transparent God {Will+ EV+5 Str+6 Slay-6 SInv}
   (You found it on level 5 of the Dungeon)

   [ring of evasion]

   EV:        It affects your evasion (+5).
   Str:       It affects your strength (+6).
   Slay:      It affects your accuracy & damage with ranged weapons and melee
   (-6).
   SInv:      It lets you see invisible.
   Will:      It increases your willpower.
Wands
 G - a wand of mindburst (10)
 N - a wand of flame (20)
Scrolls
 l - a scroll of enchant armour {unknown}
 m - a scroll of poison
 n - 9 scrolls of identify {unknown}
 o - a scroll of summoning
 q - a scroll of torment {unknown}
 s - a scroll of acquirement {unknown}
 t - a scroll of vulnerability {unknown}
 w - a scroll of amnesia {unknown}
 x - a scroll of enchant weapon
 y - a scroll of fear {unknown}
 E - a scroll of fog {unknown}
 H - a scroll of brand weapon
 J - a scroll of immolation {unknown}
 M - a scroll of silence {unknown}
Potions
 b - a potion of magic
 c - a potion of might {unknown}
 e - 3 potions of curing {unknown}
 f - 2 potions of ambrosia {unknown}
 g - 4 potions of resistance {unknown}
 h - 5 potions of flight {unknown}
 p - a potion of brilliance {unknown}
 r - 3 potions of haste {unknown}
 z - 2 potions of lignification {unknown}
 A - a potion of invisibility {unknown}
 B - a potion of heal wounds {unknown}
 C - a potion of attraction {unknown}
 K - a potion of degeneration {unknown}


   Skills:
 + Level 5.2 Fighting
 + Level 5.3 Dodging
 - Level 2.0 Stealth
 + Level 5.4 Spellcasting
 + Level 7.5 Necromancy


You had 9 spell levels left.
You knew the following spells:

 Your Spells              Type           Power      Damage    Failure   Level
a - Necrotise             Necr           100%       1d9       1%          1
b - Vampiric Draining     Necr           32%        2d8       1%          3
c - Animate Dead          Necr           32%        N/A       6%          4

Your spell library contained the following spells:

 Spells                   Type           Power      Damage    Failure   Level
 Sublimation of Blood     Necr           32%        N/A       1%          2
 Magic Dart               Conj           16%        1d3       13%         1
 Summon Small Mammal      Summ           16%        N/A       13%         1
 Agony                    Necr           32%        N/A       16%         5
 Call Imp                 Summ           8%         N/A       19%         2
 Searing Ray              Conj           8%         2d4       19%         2
 Wereblood                Tmut           4%         N/A       19%         2
 Call Canine Familiar     Summ           4%         N/A       36%         3
 Mephitic Cloud           Conj/Pois/Air  4%         N/A       36%         3
 Summon Guardian Golem    Hex/Summ       4%         N/A       36%         3
 Fulminant Prism          Conj/Hex       2%         3d5       77%         4
 Summon Hydra             Summ           2%         N/A       100%        7


Dungeon Overview and Level Annotations

Branches:
Dungeon (6/15)              Sewer (visited)
 Temple: D:4-7

Altars:
Dithmenos
Fedhas
Wu Jian

Shops:
D:3 *

Annotations:
D:4 2 runed translucent doors, VoidStrider's ghost, weakling OpFE


Innate Abilities, Weirdness & Mutations

You are partially covered in slimy green scales. (AC +2)
You regenerate magic rapidly.
You have a tail ending in a sharp stinger.


Message History

Your wyvern closely misses the howler monkey.
Unknown command.
Your wyvern looks as sick as possible!
Your wyvern barely misses the wight.
Your wyvern is engulfed in poison gas.
Your wyvern looks as sick as possible!
Your wyvern misses the howler monkey.
Your centaur is engulfed in poison gas.
Your centaur looks as sick as possible!
You kill your centaur!
Your centaur's corpse dissolves into shadows!
The howler monkey hoots and howls with incredible vigour!
The wight hits you but does no damage.
The wight hits you with a +0 dire flail.
* * * LOW HITPOINT WARNING * * *
The wight closely misses you.
You hear an angry buzzing noise.
You sock the wight!
The wight is severely damaged.
Your wyvern looks as sick as possible!
Your wyvern bites the wight!
Your wyvern is engulfed in poison gas.
Your wyvern looks as sick as possible!
Your wyvern bites the howler monkey!
Your two-headed ogre is engulfed in poison gas.
Your two-headed ogre looks even sicker.
Your two-headed ogre hits the wight with a +0 giant spiked club!
The wight is destroyed!
The howler monkey hits your wyvern.
Your wyvern is engulfed in poison gas.
Your wyvern looks as sick as possible!
You kill your wyvern!
Your wyvern's corpse dissolves into shadows!
Your wyvern is engulfed in poison gas.
Your wyvern looks as sick as possible!
The wight closely misses you. The wight barely misses you.
You sock the wight!
You destroy the wight!
Your wyvern is engulfed in poison gas.
Your wyvern looks as sick as possible!
You kill your wyvern!
Your wyvern's corpse dissolves into shadows!
The wight hits you with a +1 falchion.
You die...

###### .....# #######
.....############§§§§§##
.....#....§§§☼§##§§§§§..
.....#....§§§§§○§§§§§..
.....#....§§§§§§§○§§... .
...h.#....§§§§§h§§§# .§.
..........§§§§.§z§O#☼§○§.
..........§§§§☼)@.☼§☼§§○.
###.......§§§§§###○§§§○§.
#......?☼☼§.... .§§§☼§.
#.......§....#....§§§§.
#............#.....###.
#............. ....#
#............ #.## .F


You could see a howler monkey (distracted, catching breath), a wight and a
friendly two-headed ogre (summoned, very poisoned).

Vanquished Creatures
  Prince Ribbit (D:5)
  2 black bears
  3 ogres
  A kobold brigand (D:6)
  3 scorpions
  A wight (D:9)
  A hound (D:5)
  A jelly (D:4)
  An orc priest (D:5)
  A sleepcap (D:6)
  4 iguanas
  3 orc wizards (D:5)
  15 adders
  12 river rats
  A white imp (D:6)
  2 ufetubi (D:5)
  4 worms
  2 dart slugs
  16 orcs
  2 bats
  7 endoplasms
  2 giant cockroaches
  14 goblins
  9 hobgoblins
  2 quokkas
  11 ball pythons
  5 frilled lizards
  9 kobolds
  12 rats
147 creatures vanquished.

Vanquished Creatures (collateral kills)
  2 wights (D:9)
  An adder (D:4)
  A dart slug (D:3)
  A goblin (D:4)
  A ball python (D:3)
6 creatures vanquished.

Grand Total: 153 creatures vanquished

Notes
Turn   | Place    | Note
-------+----------+-------------------------------------------
     0 | D:1      | PaiMei the Demonspawn Necromancer began the quest for the
                  | Orb.
     0 | D:1      | Reached XP level 1. HP: 13/13 MP: 3/3
   247 | D:1      | Gained mutation: You regenerate magic rapidly. [demonic
                  | ancestry]
   247 | D:1      | Reached XP level 2. HP: 19/19 MP: 3/5
   857 | D:2      | Reached XP level 3. HP: 25/25 MP: 3/6
   941 | D:2      | Reached skill level 1 in Fighting
  1314 | D:2      | Learned a level 3 spell: Vampiric Draining
  1359 | D:2      | Gained mutation: You have a small tail. [demonic ancestry]
  1359 | D:2      | Reached XP level 4. HP: 25/32 MP: 1/7
  1657 | D:2      | Found a faded altar of an unknown god.
  1790 | D:2      | Reached skill level 5 in Necromancy
  2422 | D:3      | Found Biat's Assorted Antiques.
  2782 | D:3      | Gained mutation: You are partially covered in slimy green
                  | scales. (AC +2) [demonic ancestry]
  2782 | D:3      | Reached XP level 5. HP: 28/38 MP: 5/9
  2863 | D:3      | Found a glowing drain.
  2872 | Sewer    | Entered a sewer
  3168 | Sewer    | Reached XP level 6. HP: 43/46 MP: 7/11
  4810 | D:4      | Reached skill level 6 in Necromancy
  4810 | D:4      | Gained mutation: You have a tail ending in a sharp stinger.
                  | [demonic ancestry]
  4810 | D:4      | Reached XP level 7. HP: 37/52 MP: 1/12
  5279 | D:4      | Found a blossoming altar of Fedhas.
  5502 | D:4      | Found a large runed translucent door.
  5502 | D:4      | Found a large runed translucent door.
  5506 | D:4      | Noticed VoidStrider's ghost (weakling OpFE)
  5802 | D:3      | Bought a buzzing mace for 168 gold pieces
  5802 | D:3      | Identified the +7 mace of the Ten Mice {vamp, Dex+4} (You
                  | bought it in a shop on level 3 of the Dungeon)
  6045 | D:5      | Entered Level 5 of the Dungeon
  6084 | D:5      | Identified the +0 leather armour "Zeett" {Str+3}
  6146 | D:5      | Learned a level 4 spell: Animate Dead
  6526 | D:5      | Found an ornate altar of the Wu Jian Council.
  6629 | D:5      | Noticed Prince Ribbit
  6636 | D:5      | Killed Prince Ribbit
  6637 | D:5      | Reached XP level 8. HP: 58/61 MP: 2/15
  6808 | D:5      | Identified the ring of the Transparent God {Will+ EV+5
                  | Str+6 Slay-6 SInv}
  6815 | D:5      | Reached skill level 7 in Necromancy
  6887 | D:5      | Reached skill level 5 in Spellcasting
  7150 | D:5      | Reached skill level 5 in Dodging
  7364 | D:6      | Found a shadowy altar of Dithmenos.
  7383 | D:6      | Noticed a two-headed ogre
  7835 | D:6      | Reached skill level 5 in Fighting
  7963 | D:6      | You fall into a shaft and drop 3 floors!
  7987 | D:9      | HP: 1/55 [wight/+1 falchion (2)]
  7991 | D:9      | Slain by a wight

Illustrated notes

Levels and vault maps discovered:
D:1:      nzn_arrival_settlement, layout_basic, minivault_19,
          minmay_heptomino_d4
D:2:      layout_loops_corners, basic_ecumenical_altar, dk_noncrumbling_4,
          minmay_quadrilaterals
D:3:      layout_basic, serial_shops, nicolae_shop_tiny_glass,
          portal_sewer_entry_b, minmay_ogre_servants
D:4:      layout_basic, fedhas_ov_isle_minmay, ebering_ghost_disaster_area
D:5:      layout_loops_corners, kennysheep_mini_moat, uniq_prince_ribbit1
D:6:      layout_loops_cross, grunt_temple_overflow_bloody_war,
          mainiacjoe_overflow_paths, marbit_many_paths,
          minmay_temple_entry_stoned_glass
D:9:      layout_basic, gammafunk_temple_overflow_statue, lair_entry_dummy,
          zombieorc2_lemuel

Skill      XL: |  1  2  3  4  5  6  7  8 |
---------------+-------------------------+-----
Stealth        | 2 |  2.0
Dodging        | 2 3 4 5 |  5.3
Fighting       | 1 2 3 4 5 |  5.2
Necromancy     | 5 6 7 |  7.5
Spellcasting   | 3 4 5 |  5.4

Action                     |  1- 3 |  4- 6 |  7- 9 || total
---------------------------+-------+-------+-------++-------
  Melee: Mace              |     8 |       |    67 ||    75
         Spear             |     5 |    17 |     2 ||    24
         Tailslap          |       |     4 |     7 ||    11
         Punch             |       |     1 |       ||     1
   Cast: Necrotise         |    65 |   131 |    59 ||   255
         Vampiric Draining |       |     6 |    26 ||    32
    Use: Scroll            |       |       |     4 ||     4
 Armour: Robe              |     3 |    36 |    53 ||    92
  Dodge: Dodged            |    20 |    86 |   115 ||   221
